 Dungeon Crawl Stone Soup version 0.21.0-24-g2553a33 (webtiles) character file.

88 pstr the Digger (level 4, -3/36 HPs)
             Began as a Naga Earth Elementalist on Jan 19, 2018.
             Was an Initiate of Elyvilon.
             Killed by divine providence
             ... invoked by an orc priest
              (13 damage)
             ... on level 3 of the Dungeon.
             The game lasted 00:07:13 (2878 turns).

pstr the Digger (Naga Earth Elementalist)           Turns: 2878, Time: 00:07:13

Health: -3/36      AC:  2    Str: 10    XL:     4   Next: 53%
Magic:  0/8        EV: 15    Int: 16    God:    Elyvilon [......]
Gold:   111        SH:  0    Dex: 17    Spells: 4/8 levels left

rFire    . . .     SeeInvis +   (no weapon)
rCold    . . .     Gourm    .   (no shield)
rNeg     . . .     Faith    .   c - +0 robe
rPois    +         Spirit   .   (no helmet)
rElec    .         Reflect  .   (no cloak)
rCorr    .         Harm     .   (no gloves)
MR       .....                  (no barding)
Stlth    +++.......             (no amulet)
HPRegen  0.12/turn              (no ring)
MPRegen  0.11/turn              (no ring)

@: agile, short of breath, very slow
A: large, see invisible, deformed body, poison resistance, slowness 2, slow
metabolism 1, spit poison 1, AC +1
a: Spit Poison, Renounce Religion


You were on level 3 of the Dungeon.
You worshipped Elyvilon.
Elyvilon was noncommittal.
You were not hungry.

You visited 1 branch of the dungeon, and saw 3 of its levels.

You collected 111 gold pieces.

Inventory:

Missiles
 i - 70 arrows
 l - 11 stones (quivered)
Armour
 c - a +0 robe (worn)
Scrolls
 f - 2 scrolls of random uselessness {unknown}
 h - 2 scrolls of remove curse {unknown}
 j - 2 scrolls of identify {unknown}
Potions
 a - a potion of resistance {unknown}
 g - 4 potions of agility
Books
 e - a book of Geomancy

   Spells                             Type                      Level
   a - Sandblast                      Earth                        1
   b - Passwall                       Transmutation/Earth          2
   c - Stone Arrow                    Conjuration/Earth            3
   d - Petrify                        Transmutation/Earth          4
   e - Lee's Rapid Deconstruction     Earth                        5
Comestibles
 b - a chunk of flesh
 d - 3 rations


   Skills:
 + Level 2.1 Dodging
 + Level 3.1 Stealth
 + Level 2.9 Spellcasting
 + Level 0.2 Conjurations
   Level 1.0 Transmutations
 + Level 4.1 Earth Magic


You had 4 spell levels left.
You knew the following spells:

 Your Spells              Type           Power        Failure   Level  Hunger
a - Sandblast             Erth           ###...       3%          1    #......
b - Stone Arrow           Conj/Erth      #.....       22%         3    ###....


Dungeon Overview and Level Annotations

Branches:
Dungeon (3/15)

Altars:
Ashenzari
Elyvilon
Qazlal
Trog
Uskayaw
Xom


Innate Abilities, Weirdness & Mutations

You cannot wear boots.
Your serpentine skin is tough. (AC +1)
You have supernaturally acute eyesight. (SInv)
Armour fits poorly on your strangely shaped body.
Your system is resistant to poisons. (rPois)
You cover ground very slowly.
You have a slow metabolism.
You can spit poison.


Message History

The orc priest invokes the aid of Beogh against you.
Pain shoots through your body!
The hobgoblin hits you but does no damage.
You closely miss the orc priest.
The orc priest is almost dead.
The orc priest barely misses you. The hobgoblin misses you.
You hit the orc priest but do no damage.
The orc priest is almost dead.
The orc priest looks encouraged for a moment.
The hobgoblin barely misses you.
You barely miss the orc priest.
The orc priest is almost dead.
The orc priest invokes the aid of Beogh against you.
Beogh smites you!
* * * LOW HITPOINT WARNING * * *
You feel better. The hobgoblin hits you with a club.
* * * LOW HITPOINT WARNING * * *
The orc priest invokes the aid of Beogh against you.
Beogh smites you!
You die...

### #.# ## #####.#### ##..
......##.#### #....
............# #...#
.........##.# #...##
#####.##.##.# %.... ##
#...#.##.##############..# .#
#...........g@ooog..)...#
.###.........#############..#
...>.......... .....
.............## ....##
###........... .....#
#........##.## ....o..
.........##.# ......o
#...##...##. .......
#........# .


You could see an orc priest, an orc wizard (invisible), an orc, a hobgoblin and
a goblin.

Vanquished Creatures
  2 adders
  A gnoll (D:1)
  An ooze (D:1)
  A dart slug (D:1)
  4 leopard geckos
  2 orcs (D:3)
  6 hobgoblins
  3 jackals (D:2)
  3 kobolds
  2 quokkas (D:2)
  6 bats
  6 frilled lizards
  4 goblins
  7 rats
48 creatures vanquished.

Notes
Turn   | Place    | Note
-------+----------+-------------------------------------------
     0 | D:1      | pstr the Naga Earth Elementalist began the quest for the Orb.
     0 | D:1      | Reached XP level 1. HP: 15/15 MP: 3/3
   187 | D:1      | Reached XP level 2. HP: 13/22 MP: 0/5
   511 | D:1      | Reached XP level 3. HP: 28/28 MP: 4/6
   516 | D:1      | Learned a level 3 spell: Stone Arrow
  1826 | D:2      | Reached XP level 4. HP: 36/36 MP: 1/8
  2422 | D:2      | Found a stormy altar of Qazlal.
  2422 | D:2      | Found a bloodstained altar of Trog.
  2422 | D:2      | Found a shattered altar of Ashenzari.
  2422 | D:2      | Found a shimmering altar of Xom.
  2443 | D:2      | Reached skill level 4 in Earth Magic
  2616 | D:2      | Found a hide-covered altar of Uskayaw.
  2616 | D:2      | Found a white marble altar of Elyvilon.
  2629 | D:2      | Became a worshipper of Elyvilon the Healer
  2878 | D:3      | Killed from afar by an orc priest

Skill      XL: |  1  2  3  4 |
---------------+-------------+-----
Dodging        | 2 |  2.1
Earth Magic    | 4 |  4.1
Stealth        | |  3.1
Spellcasting   | |  2.9
Conjurations   | |  0.2
Transmutations | |  1.0

Action                   |  1- 3 |  4- 6 || total
-------------------------+-------+-------++-------
Melee: Unarmed           |       |     6 ||     6
 Cast: Sandblast         |    31 |    19 ||    50
       Stone Arrow       |    20 |     7 ||    27
 Abil: Spit Poison       |     6 |     7 ||    13
  Use: Potion            |       |     3 ||     3
  Eat: Chunk             |     5 |     4 ||     9
Armor: Robe              |     3 |     4 ||     7
Dodge: Dodged            |    13 |    24 ||    37
